 Dungeon Crawl Stone Soup version 0.20.1-1-g8b1a95d (webtiles) character file.

8458 MRJ the Basher (level 11, 0/95 HPs)
             Began as a Minotaur Fighter on July 30, 2017.
             Was an Elder of the Shining One.
             Slain by an orange demon (12 damage)
             ... summoned by an orc sorcerer
             ... on level 1 of the Orcish Mines.
             The game lasted 01:22:15 (10158 turns).

MRJ the Basher (Minotaur Fighter)                  Turns: 10158, Time: 01:22:16

Health: 0/95       AC: 18    Str: 29    XL:     11   Next: 10%
Magic:  10/10      EV: 11    Int:  5    God:    the Shining One [****..]
Gold:   895        SH: 13    Dex: 14    Spells: 10/10 levels left

rFire    + . .     SeeInvis .   i - +4 mace
rCold    + + .     Gourm    .   c - +0 shield
rNeg     + + +     Faith    .   F - +4 scale mail {MR+}
rPois    +         Spirit   .   t - +2 hat
rElec    +         Reflect  .   (no cloak)
rCorr    +         Harm     +   (no gloves)
MR       +....                  (no boots)
Stlth    ..........             b - amulet of harm
Regen    0.3/turn               p - +4 ring of dexterity
MPRegen  0.2/turn               R - ring of positive energy

@: mighty, resistant, glowing
A: retaliatory headbutt, horns 2, iridescent scales 1, thin metallic scales 1,
cold resistance 1
a: Divine Shield, Cleansing Flame, Renounce Religion


You were on level 1 of the Orcish Mines.
You worshipped the Shining One.
The Shining One was greatly pleased with you.
You were not hungry.

You visited 2 branches of the dungeon, and saw 10 of its levels.

You collected 895 gold pieces.

Inventory:

Hand Weapons
 f - a +0 hand axe of chopping
 i - a +4 mace (weapon)
 j - a +4 halberd
 l - a +0 dagger of flaming
 B - a +3 halberd
 G - a +0 great sword of holy wrath
 I - a +2 long sword of electrocution
 P - a +2 dagger of freezing
 Z - a +2 trident of venom
Missiles
 s - 57 bolts
 v - 62 arrows
 y - 44 poisoned needles (quivered)
 Y - a throwing net
Armour
 c - a +0 shield (worn)
 q - a +0 plate armour
 t - a +2 hat (worn)
 x - a +0 buckler
 D - a +0 helmet
 F - a +4 scale mail of magic resistance (worn)
Magical Staves
 u - an uncursed staff of fire {unknown}
Jewellery
 b - an amulet of harm (around neck)
 p - a +4 ring of dexterity (left hand)
 E - an uncursed ring of see invisible {unknown}
 J - a cursed ring of teleportation {unknown}
 M - an uncursed ring of magical power
 R - a ring of positive energy (right hand)
 S - an uncursed ring of wizardry
Wands
 N - a wand of iceblast (9/15)
 O - a wand of paralysis (8/24)
 Q - a wand of acid (8/15)
 V - a wand of paralysis (4/24)
Scrolls
 k - a scroll of magic mapping
 n - a scroll of immolation
 r - a scroll of amnesia
 A - 5 scrolls of teleportation
 X - a scroll of recharging
Potions
 a - a potion of resistance
 e - a potion of mutation
 o - a potion of might
 C - a potion of lignification
 K - a potion of brilliance
 T - a potion of agility {unknown}
 U - a potion of flight {unknown}
Books
 W - a book of Air

   Spells                             Type                      Level
   a - Shock                          Conjuration/Air              1
   b - Swiftness                      Charms/Air                   2
   c - Static Discharge               Conjuration/Air              3
   d - Airstrike                      Air                          4
   e - Lightning Bolt                 Conjuration/Air              5
Miscellaneous
 w - a phial of floods
 z - a box of beasts
 H - a lamp of fire
 L - a lightning rod (4/4)
Comestibles
 h - 3 meat rations
 m - 19 royal jellies


   Skills:
 + Level 8.9 Fighting
 + Level 2.9(8.6) Axes
 + Level 12.3(12.4) Maces & Flails
 + Level 10.0 Armour
 + Level 3.3 Dodging
 + Level 1.0 Stealth
 + Level 10.3 Shields


You had 10 spell levels left.
You didn't know any spells.

Dungeon Overview and Level Annotations

Branches:
Dungeon (9/15)             Temple (0/1) D:6             Orc (1/2) D:9
   Lair: D:8-11

Altars:
Ashenzari
Elyvilon
Gozag
Makhleb
Okawaru
Uskayaw
Vehumet
Zin
The Shining One
Beogh

Shops:
D:5 =


Innate Abilities, Weirdness & Mutations

You reflexively headbutt those who attack you in melee.
You have a pair of horns on your head.
You are partially covered in iridescent scales. (AC +2)
You are partially covered in thin metallic scales. (AC +2)
Your flesh is cold resistant. (rC+)


Message History

* * * LOW HITPOINT WARNING * * *
The red devil misses you.
You barely miss the orc sorcerer. Your headbutt misses the orc sorcerer.
The orc sorcerer is lightly wounded.
The orange demon closely misses you. The orc sorcerer casts a spell at you.
The bolt of negative energy misses you.
Okay, then.
You feel better. You block the red devil's attack.
You block the orange demon's attack. The orc sorcerer barely misses you.
You feel better. You block the red devil's attack.
The orange demon barely misses you.
The orc sorcerer gestures at you while chanting.
The bolt of fire hits you! You resist.
* * * LOW HITPOINT WARNING * * *
You barely miss the orc sorcerer. Your headbutt misses the orc sorcerer.
The orc sorcerer is lightly wounded.
The red devil hits you but does no damage.
The orange demon stings you from afar!
You die...

#..### ###..## ###
##.....) ##.###.....))
#>..#.......)
#...#........
#####............
##.##.))).........
#@...<..)...##....
#..o..#...[...##....
....44.##.....####...#
........###.......#.....
........# #.............
......... ##........._..
........# ###.......)..
.....(#.# ##.........
#..........


You could see an orange demon, an orc sorcerer and a red devil.

Vanquished Creatures
  2 two-headed ogres
  The ghost of hilaritas the Basher, a novice GrFi of Okawaru (D:8)
  Pikel (D:6)
  A cyclops (Orc:1)
  The ghost of namelastname112 the Skirmisher, a novice DrWn of Nemelex Xobeh (D:6)
  2 trolls (Orc:1)
  A hippogriff (D:7)
  Grum (D:8)
  2 hungry ghosts
  A soldier ant (D:7)
  5 orc warriors
  A sky beast (D:7)
  3 ice beasts
  A necrophage (D:7)
  A slave (D:6)
  4 ogres
  3 wolves (D:8)
  The ghost of Mesmaeker13 the Magician, an amateur DrWz (D:3)
  A centaur (D:7)
  4 bullfrogs
  A gnoll sergeant (D:8)
  A wyvern skeleton (D:6)
  2 scorpions
  A water moccasin zombie (D:5)
  A water moccasin skeleton (D:8)
  8 wights (D:6)
  A howler monkey (D:6)
  4 crimson imps
  2 centaur zombies
  A quasit (D:7)
  A bullfrog zombie (D:9)
  3 jellies (D:8)
  2 hounds
  5 orc wizards
  9 orc priests
  A centaur skeleton (D:7)
  Ijyb (D:5)
  2 iguanas
  8 worker ants
  2 hound zombies (D:6)
  2 worker ant zombies
  Robin (D:4)
  12 adders
  5 gnolls
  3 shadow imps
  5 oozes (D:8)
  An adder zombie (D:6)
  2 worms
  3 dart slugs
  2 leopard geckos
  41 orcs
  A ball python (D:4)
  3 giant cockroaches
  13 goblins
  19 hobgoblins
  8 jackals
  6 kobolds
  5 quokkas
  9 bats
  2 frilled lizards
  A quokka skeleton (D:4)
  8 rats
245 creatures vanquished.

Vanquished Creatures (others)
  A slave (D:6)
  An orc wizard (D:6)
  An orc (D:6)
  A quokka (D:4)
4 creatures vanquished.

Grand Total: 249 creatures vanquished

Notes
Turn   | Place    | Note
-------+----------+-------------------------------------------
     0 | D:1      | MRJ the Minotaur Fighter began the quest for the Orb.
     0 | D:1      | Reached XP level 1. HP: 19/19 MP: 0/0
    60 | D:1      | Reached XP level 2. HP: 20/27 MP: 1/1
   714 | D:1      | Reached XP level 3. HP: 33/33 MP: 2/2
  1019 | D:2      | Reached skill level 1 in Maces & Flails
  1244 | D:2      | Reached XP level 4. HP: 38/40 MP: 3/3
  1965 | D:3      | Found a glowing golden altar of the Shining One.
  1968 | D:3      | Became a worshipper of the Shining One
  2041 | D:3      | Reached skill level 2 in Maces & Flails
  2197 | D:3      | Noticed Mesmaeker13's ghost (amateur DrWz)
  2236 | D:3      | Killed Mesmaeker13's ghost
  2236 | D:3      | Reached skill level 3 in Maces & Flails
  2236 | D:3      | Reached XP level 5. HP: 27/47 MP: 4/4
  2289 | D:3      | Found an iron altar of Okawaru.
  2794 | D:4      | Reached skill level 5 in Shields
  2995 | D:4      | Reached XP level 6. HP: 51/53 MP: 5/5
  3006 | D:4      | Found a hide-covered altar of Uskayaw.
  3045 | D:4      | Noticed Robin
  3050 | D:4      | Reached * piety under the Shining One
  3052 | D:4      | Killed Robin
  3052 | D:4      | Reached skill level 5 in Armour
  3111 | D:4      | Reached skill level 4 in Maces & Flails
  3247 | D:4      | Found a white marble altar of Elyvilon.
  3377 | D:4      | Found a shattered altar of Ashenzari.
  3379 | D:4      | Found a radiant altar of Vehumet.
  3563 | D:4      | Reached skill level 1 in Dodging
  3628 | D:5      | Entered Level 5 of the Dungeon
  3691 | D:5      | Reached skill level 5 in Maces & Flails
  3816 | D:5      | Reached XP level 7. HP: 58/60 MP: 6/6
  3819 | D:5      | Noticed a hungry ghost
  3838 | D:5      | Killed a hungry ghost
  3850 | D:5      | Noticed Ijyb
  3850 | D:5      | Reached skill level 6 in Maces & Flails
  3862 | D:5      | Reached skill level 5 in Fighting
  3870 | D:5      | Killed Ijyb
  4298 | D:5      | Noticed a cacodemon
  4299 | D:5      | Found a burning altar of Makhleb.
  4412 | D:5      | Found a glowing silver altar of Zin.
  4412 | D:5      | Noticed an angel
  4525 | D:5      | Reached skill level 7 in Maces & Flails
  4543 | D:5      | Found Atsukh's Jewellery Shoppe.
  4616 | D:5      | Found an opulent altar of Gozag.
  4845 | D:6      | Found a staircase to the Ecumenical Temple.
  4860 | D:6      | Noticed namelastname112's ghost (novice DrWn)
  4860 | D:6      | Reached ** piety under the Shining One
  4914 | D:6      | Killed namelastname112's ghost
  4914 | D:6      | Reached XP level 8. HP: 29/69 MP: 7/7
  5138 | D:6      | Noticed Pikel
  5155 | D:6      | Killed Pikel
  5155 | D:6      | Reached skill level 8 in Maces & Flails
  5309 | D:6      | Gained mutation: Your flesh is cold resistant. (rC+) [potion of mutation]
  5309 | D:6      | Gained mutation: You are partially covered in thin metallic scales. (AC +2) [potion of mutation]
  5309 | D:6      | Gained mutation: You are partially covered in iridescent scales. (AC +2) [potion of mutation]
  5515 | D:6      | Reached XP level 9. HP: 74/75 MP: 8/8
  6432 | D:7      | Reached *** piety under the Shining One
  6468 | D:7      | Reached skill level 9 in Maces & Flails
  6573 | D:7      | Noticed a two-headed ogre
  6588 | D:7      | Killed a two-headed ogre
  6588 | D:7      | Reached skill level 10 in Maces & Flails
  6715 | D:7      | Got an ancient war axe
  6730 | D:7      | Identified the cursed +2 war axe "MRJ's Bane" {venom, rElec rPois rC- rN+ MR+} (You found it on level 7 of the Dungeon)
  6777 | D:7      | Reached XP level 10. HP: 88/88 MP: 9/9
  7746 | D:8      | Noticed Grum
  7761 | D:8      | Killed Grum
  8272 | D:8      | Noticed hilaritas's ghost (novice GrFi)
  8285 | D:8      | Killed hilaritas's ghost
  8285 | D:8      | Reached skill level 11 in Maces & Flails
  8401 | D:8      | Reached **** piety under the Shining One
  8855 | D:9      | Reached skill level 1 in Stealth
  9065 | D:9      | Found a staircase to the Orcish Mines.
  9392 | Orc:1    | Entered Level 1 of the Orcish Mines
  9406 | Orc:1    | Found a roughly hewn altar of Beogh.
  9443 | Orc:1    | Noticed a two-headed ogre
  9453 | Orc:1    | Noticed a cyclops
  9460 | Orc:1    | Killed a two-headed ogre
  9460 | Orc:1    | Reached skill level 10 in Shields
  9466 | Orc:1    | Reached skill level 12 in Maces & Flails
  9477 | Orc:1    | Killed a cyclops
  9477 | Orc:1    | Reached XP level 11. HP: 61/95 MP: 10/10
  9835 | Orc:1    | Reached skill level 10 in Armour
 10138 | Orc:1    | Noticed an orc sorcerer
 10158 | Orc:1    | Slain by an orange demon

Skill      XL: |  1  2  3  4  5  6  7  8  9 10 11 |
---------------+----------------------------------+-----
Fighting       | 4 5 6 7 8 |  8.9
Armour         | 4 5 6 7 8 9 10 | 10.0
Shields        | 4 5 6 7 8 10 | 10.3
Maces & Flails | 1 3 5 7 8 10 12 | 12.3
Dodging        | 1 2 3 |  3.3
Stealth        | 1 |  1.0
Axes           | |  2.9

Action                   |  1- 3 |  4- 6 |  7- 9 | 10-12 || total
-------------------------+-------+-------+-------+-------++-------
Melee: War axe           |    16 |       |       |       ||    16
       Headbutt          |    10 |    32 |    41 |    54 ||   137
       Mace              |    49 |   182 |   260 |   209 ||   700
  Use: Scroll            |       |     6 |    11 |     1 ||    18
       Potion            |       |       |    13 |     7 ||    20
  Eat: Chunk             |     1 |     4 |       |     1 ||     6
       Meat ration       |       |     1 |     1 |       ||     2
       Bread ration      |       |       |     4 |     1 ||     5
       Royal jelly       |       |       |       |     1 ||     1
Armor: Scale mail        |    26 |     8 |       |    10 ||    44
       Chain mail        |       |   111 |   116 |       ||   227
       Skin              |       |       |    12 |       ||    12
       Plate armour      |       |       |    13 |    52 ||    65
Dodge: Dodged            |    26 |    39 |    71 |    45 ||   181
Block: Shield            |    40 |    82 |   132 |   107 ||   361
